TOP OF THE 1ST |
University of Minnesota Golden Gophers batting - Pitching for University of Conneticut Huskies : RHP Jordan Watkins
|
Pitching: RHP Jordan Watkins
|
|
Batting: LHB Alex Villa
|
0-0: Called Strike 0-1: SINGLE (Groundball, 5D, EV 106.9 MPH)
|
Batting: RHB Jarrod Strickhouser
|
0-0: Called Strike Alex Villa steals 2nd base 0-1: SINGLE (Groundball, 6MS, EV 75.0 MPH) (infield hit) Alex Villa to third
|
Batting: RHB Ned Scovell
|
0-0: Ball Jarrod Strickhouser steals 2nd, throwing error, E2 Alex Villa scores Jarrod Strickhouser to third 1-0: Ball 2-0: Swinging Strike 2-1: Swinging Strike 2-2: Foul Ball, location: 2F 2-2: Ball 3-2: Base on Balls
|
Batting: RHB Ozzie Buendia
|
0-0: Foul Ball, location: 2F 0-1: Called Strike 0-2: Ball 1-2: Strikes out swinging
|
Batting: LHB Dick Shafer
|
0-0: Ball 1-0: Ball Ned Scovell steals 2nd base 2-0: Ball 3-0: Called Strike 3-1: Ground out 5-3 (Groundball, 5, EV 81.9 MPH)
|
Batting: RHB Rúbem Trancoso
|
0-0: Called Strike 0-1: Ball 1-1: Fly out, F5 (Popup, 56, EV 64.4 MPH)
|
Top of the 1st over - 1 run, 2 hits, 1 error, 2 left on base; University of Minnesota 1 - University of Conneticut 0 |
BOTTOM OF THE 1ST |
University of Conneticut Huskies batting - Pitching for University of Minnesota Golden Gophers : RHP Josh Sheets
|
Pitching: RHP Josh Sheets
|
|
Batting: LHB Hector Acosta
|
0-0: SINGLE (Groundball, 4D, EV 96.9 MPH)
|
Batting: RHB Kyle Finney
|
0-0: Swinging Strike 0-1: Called Strike 0-2: Ball 1-2: Strikes out swinging
|
Batting: RHB Jordan Nicholas
|
0-0: Fielders Choice at 2nd, 6-4 (Groundball, 6, EV 110.0 MPH)
|
Batting: LHB Omar Alba
|
0-0: Called Strike Jordan Nicholas steals 2nd base (no throw) 0-1: Ball 1-1: Called Strike 1-2: Ground out 1-3 (Groundball, 15S, EV 61.9 MPH)
|
Bottom of the 1st over - 0 runs, 1 hit, 0 errors, 1 left on base; University of Minnesota 1 - University of Conneticut 0 |
TOP OF THE 2ND |
University of Minnesota Golden Gophers batting - Pitching for University of Conneticut Huskies : RHP Jordan Watkins
|
Batting: RHB Kevin Harris
|
0-0: Fly out, F8 (Flyball, 8RXD, EV 98.1 MPH)
|
Batting: RHB Devon Healy
|
0-0: Ball 1-0: Called Strike 1-1: Ground out 4-3 (Groundball, 34, EV 107.5 MPH)
|
Batting: RHB Domingas Saragoa
|
0-0: Ball 1-0: Foul Ball, location: 2F 1-1: Ground out U3 (Groundball, 34, EV 99.4 MPH)
|
Top of the 2nd over - 0 runs, 0 hits, 0 errors, 0 left on base; University of Minnesota 1 - University of Conneticut 0 |
BOTTOM OF THE 2ND |
University of Conneticut Huskies batting - Pitching for University of Minnesota Golden Gophers : RHP Josh Sheets
|
Batting: LHB Andrew Barzee
|
0-0: Ball 1-0: Called Strike 1-1: Foul Ball, location: 2F 1-2: Strikes out swinging
|
Batting: RHB Cullen Elliott
|
0-0: Called Strike 0-1: Ball 1-1: Called Strike 1-2: Ball 2-2: Foul Ball, location: 2F 2-2: Strikes out swinging, 2-3 out at first.
|
Batting: RHB Jack Vokey
|
0-0: Ball 1-0: Ball 2-0: Ball 3-0: Base on Balls
|
Batting: RHB Lee Wilbur
|
0-0: Called Strike 0-1: Foul Ball, location: 2F 0-2: Foul Ball, location: 2F 0-2: Foul Ball, location: 2F 0-2: Ball 1-2: Ball 2-2: Strikes out swinging
|
Bottom of the 2nd over - 0 runs, 0 hits, 0 errors, 1 left on base; University of Minnesota 1 - University of Conneticut 0 |
TOP OF THE 3RD |
University of Minnesota Golden Gophers batting - Pitching for University of Conneticut Huskies : RHP Jordan Watkins
|
Batting: LHB Alex Villa
|
0-0: Ball 1-0: Swinging Strike 1-1: Foul Ball, location: 2F 1-2: Fly out, F7 (Flyball, 78D, EV 103.1 MPH)
|
Batting: RHB Jarrod Strickhouser
|
0-0: Ground out 4-3 (Groundball, 4S, EV 79.4 MPH)
|
Batting: RHB Ned Scovell
|
0-0: Ground out 6-3 (Groundball, 6, EV 78.8 MPH)
|
Top of the 3rd over - 0 runs, 0 hits, 0 errors, 0 left on base; University of Minnesota 1 - University of Conneticut 0 |
BOTTOM OF THE 3RD |
University of Conneticut Huskies batting - Pitching for University of Minnesota Golden Gophers : RHP Josh Sheets
|
Batting: RHB Roku Kawano
|
0-0: Foul Ball, location: 2F 0-1: Ball 1-1: Ground out 2-3 (Groundball, 13S, EV 60.0 MPH)
|
Batting: LHB Hector Acosta
|
0-0: Swinging Strike 0-1: Foul Ball, location: 2F 0-2: Ball 1-2: Ball 2-2: Strikes out swinging
|
Batting: RHB Kyle Finney
|
0-0: Called Strike 0-1: Called Strike 0-2: Strikes out looking
|
Bottom of the 3rd over - 0 runs, 0 hits, 0 errors, 0 left on base; University of Minnesota 1 - University of Conneticut 0 |
TOP OF THE 4TH |
University of Minnesota Golden Gophers batting - Pitching for University of Conneticut Huskies : RHP Jordan Watkins
|
Batting: RHB Ozzie Buendia
|
0-0: Ground out 5-3 (Groundball, 56, EV 98.8 MPH)
|
Batting: LHB Dick Shafer
|
0-0: Called Strike 0-1: Foul Ball, location: 2F 0-2: Ball 1-2: Foul Ball, location: 2F 1-2: Ball 2-2: Ball 3-2: Reached via error on a dropped throw from 1B, E1 (Groundball, 34, EV 87.5 MPH)
|
Batting: RHB Rúbem Trancoso
|
0-0: Foul Ball, location: 2F 0-1: Called Strike 0-2: Ball 1-2: Strikes out swinging
|
Batting: RHB Kevin Harris
|
0-0: Called Strike 0-1: Ball 1-1: Foul Ball, location: 2F 1-2: Ball 2-2: SINGLE (Flyball, 7LS, EV 86.2 MPH) Dick Shafer to second
|
Batting: RHB Devon Healy
|
0-0: Swinging Strike 0-1: Fly out, F8 (Flyball, 8RM, EV 85.6 MPH)
|
Top of the 4th over - 0 runs, 1 hit, 1 error, 2 left on base; University of Minnesota 1 - University of Conneticut 0 |
BOTTOM OF THE 4TH |
University of Conneticut Huskies batting - Pitching for University of Minnesota Golden Gophers : RHP Josh Sheets
|
Batting: RHB Jordan Nicholas
|
0-0: Ball 1-0: Ball 2-0: SINGLE (Groundball, 4MD, EV 105.6 MPH)
|
Batting: LHB Omar Alba
|
0-0: Fielders Choice at 2nd, 6-4 (Groundball, 6M, EV 79.4 MPH)
|
Batting: LHB Andrew Barzee
|
0-0: Fielders Choice at 2nd, 5-4 (Groundball, 56S, EV 83.1 MPH)
|
Batting: RHB Cullen Elliott
|
0-0: Foul Ball, location: 2F 0-1: SINGLE (Line Drive, 5D, EV 94.4 MPH) Andrew Barzee to second
|
Batting: RHB Jack Vokey
|
0-0: Ground out 4-3 (Groundball, 4, EV 78.1 MPH)
|
Bottom of the 4th over - 0 runs, 2 hits, 0 errors, 2 left on base; University of Minnesota 1 - University of Conneticut 0 |
TOP OF THE 5TH |
University of Minnesota Golden Gophers batting - Pitching for University of Conneticut Huskies : RHP Jordan Watkins
|
Batting: RHB Domingas Saragoa
|
0-0: Ball 1-0: Ball 2-0: Ground out 2-3 (Groundball, 2L, EV 66.2 MPH)
|
Batting: LHB Alex Villa
|
0-0: Bunted foul 0-1: Ball 1-1: Called Strike 1-2: Ball 2-2: Ball 3-2: Fly out, F9 (Flyball, 9, EV 99.4 MPH)
|
Batting: RHB Jarrod Strickhouser
|
0-0: SINGLE (Groundball, 6, EV 96.2 MPH)
|
Batting: RHB Ned Scovell
|
0-0: Ball 1-0: Ball 2-0: Ball 3-0: Called Strike 3-1: Base on Balls Jarrod Strickhouser to second
|
Batting: RHB Ozzie Buendia
|
0-0: Foul Ball, location: 2F 0-1: 3-RUN HOME RUN (Line Drive, 7D, EV 96.2 MPH), Distance : 385 ft
|
Pitching: RHP Victor Nava
|
|
Batting: LHB Dick Shafer
|
0-0: Ball 1-0: Fly out, F7 (Flyball, 78S, EV 83.1 MPH)
|
Top of the 5th over - 3 runs, 2 hits, 0 errors, 0 left on base; University of Minnesota 4 - University of Conneticut 0 |
BOTTOM OF THE 5TH |
University of Conneticut Huskies batting - Pitching for University of Minnesota Golden Gophers : RHP Josh Sheets
|
Batting: RHB Lee Wilbur
|
0-0: Ground out 5-3 (Groundball, 56S, EV 85.6 MPH)
|
Batting: RHB Roku Kawano
|
0-0: Fly out, F4 (Popup, 23, EV 90.0 MPH)
|
Batting: LHB Hector Acosta
|
0-0: Ball 1-0: Called Strike 1-1: Ball 2-1: Swinging Strike 2-2: Foul Ball, location: 2F 2-2: Strikes out swinging
|
Bottom of the 5th over - 0 runs, 0 hits, 0 errors, 0 left on base; University of Minnesota 4 - University of Conneticut 0 |
TOP OF THE 6TH |
University of Minnesota Golden Gophers batting - Pitching for University of Conneticut Huskies : RHP Victor Nava
|
Batting: RHB Rúbem Trancoso
|
0-0: Ball 1-0: Fly out, F7 (Flyball, 7, EV 78.8 MPH)
|
Batting: RHB Kevin Harris
|
0-0: Ball 1-0: Ball 2-0: Reached on error, E9 (Flyball, 9, EV 98.1 MPH)
|
Batting: RHB Devon Healy
|
0-0: Foul Ball, location: 2F 0-1: Foul Ball, location: 2F 0-2: Strikes out swinging
|
Batting: RHB Domingas Saragoa
|
0-0: SINGLE (Groundball, 6MD, EV 96.2 MPH) Kevin Harris to second
|
Batting: LHB Alex Villa
|
0-0: Ground out 1-3 (Groundball, 13S, EV 69.4 MPH)
|
Top of the 6th over - 0 runs, 1 hit, 1 error, 2 left on base; University of Minnesota 4 - University of Conneticut 0 |
BOTTOM OF THE 6TH |
University of Conneticut Huskies batting - Pitching for University of Minnesota Golden Gophers : RHP Josh Sheets
|
Batting: RHB Kyle Finney
|
0-0: Ball 1-0: Ball 2-0: Called Strike 2-1: Reached on error, E6 (Groundball, 6, EV 100.0 MPH)
|
Batting: RHB Jordan Nicholas
|
0-0: Fly out, F8 (Flyball, 8LD, EV 104.4 MPH)
|
Batting: LHB Omar Alba
|
0-0: Called Strike 0-1: Ball 1-1: Ball 2-1: Called Strike 2-2: Ball 3-2: Foul Ball, location: 2F 3-2: Base on Balls Kyle Finney to second
|
Batting: LHB Andrew Barzee
|
0-0: Ball 1-0: Ball 2-0: Ball 3-0: Called Strike 3-1: Fielders Choice at 2nd, 4-6 (Groundball, 4S, EV 80.0 MPH) Kyle Finney to third
|
Pitching: RHP Eppe de Jong
|
|
Batting: RHB Cullen Elliott
|
0-0: Swinging Strike 0-1: Ball 1-1: Swinging Strike 1-2: Ball 2-2: Foul Ball, location: 2F 2-2: Strikes out swinging
|
Bottom of the 6th over - 0 runs, 0 hits, 1 error, 2 left on base; University of Minnesota 4 - University of Conneticut 0 |
TOP OF THE 7TH |
University of Minnesota Golden Gophers batting - Pitching for University of Conneticut Huskies : RHP Victor Nava
|
Pinch Hitting: LHB Ivan Villegas
|
0-0: Called Strike 0-1: Called Strike 0-2: Ball 1-2: Foul Ball, location: 2F 1-2: Foul Ball, location: 2F 1-2: Strikes out swinging
|
Batting: RHB Ned Scovell
|
0-0: Ground out 6-3 (Groundball, 6, EV 105.6 MPH)
|
Batting: RHB Ozzie Buendia
|
0-0: Called Strike 0-1: Ball 1-1: Ball 2-1: Reached on error, E6 (Groundball, 6, EV 105.6 MPH)
|
Batting: LHB Dick Shafer
|
0-0: Called Strike 0-1: Swinging Strike 0-2: Ball 1-2: Reached on error, E4 (Groundball, 4, EV 91.2 MPH) Ozzie Buendia to third
|
Pinch Hitting: LHB Bobby Agterberg
|
0-0: Ball 1-0: Ball 2-0: Ball 3-0: Called Strike 3-1: Base on Balls Dick Shafer to second
|
Batting: RHB Kevin Harris
|
0-0: Ball 1-0: Ball 2-0: Fly out, F8 (Flyball, 89D, EV 88.8 MPH)
|
Top of the 7th over - 0 runs, 0 hits, 2 errors, 3 left on base; University of Minnesota 4 - University of Conneticut 0 |
BOTTOM OF THE 7TH |
University of Conneticut Huskies batting - Pitching for University of Minnesota Golden Gophers : RHP Eppe de Jong
|
Now in CF: Chris Rodgers
|
|
Now in RF: Roy Evenden
|
|
Batting: RHB Jack Vokey
|
0-0: Fly out, F6 (Line Drive, 6, EV 70.6 MPH)
|
Batting: RHB Lee Wilbur
|
0-0: Reached on error, E1 (Groundball, 13S, EV 66.2 MPH)
|
Batting: RHB Roku Kawano
|
0-0: Ball Lee Wilbur is caught stealing 3rd base 2-5 1-0: Ball 2-0: Ground out 4-3 (Groundball, 4M, EV 86.9 MPH)
|
Bottom of the 7th over - 0 runs, 0 hits, 1 error, 0 left on base; University of Minnesota 4 - University of Conneticut 0 |
TOP OF THE 8TH |
University of Minnesota Golden Gophers batting - Pitching for University of Conneticut Huskies : RHP Victor Nava
|
Batting: RHB Devon Healy
|
0-0: Ball 1-0: Ball 2-0: Ball 3-0: Called Strike 3-1: Base on Balls
|
Batting: RHB Domingas Saragoa
|
0-0: Fly out, F8 (Line Drive, 8LS, EV 86.9 MPH)
|
Batting: LHB Alex Villa
|
0-0: Ball 1-0: Ball 2-0: Called Strike 2-1: Fly out, F8 (Flyball, 89D, EV 105.6 MPH)
|
Batting: SHB Chris Rodgers
|
0-0: Called Strike 0-1: Swinging Strike 0-2: Ball 1-2: Foul Ball, location: 2F 1-2: Ball 2-2: Ball 3-2: Base on Balls Devon Healy to second
|
Pinch Hitting: LHB Gabe Cothron
|
0-0: Swinging Strike 0-1: Ball 1-1: Foul Ball, location: 2F 1-2: Fly out, F7 (Flyball, 7, EV 85.6 MPH)
|
Top of the 8th over - 0 runs, 0 hits, 0 errors, 2 left on base; University of Minnesota 4 - University of Conneticut 0 |
BOTTOM OF THE 8TH |
University of Conneticut Huskies batting - Pitching for University of Minnesota Golden Gophers : RHP Eppe de Jong
|
Now at 2B: Farakiko Haunani
|
|
Batting: LHB Hector Acosta
|
0-0: Called Strike 0-1: Foul Ball, location: 2F 0-2: Ball 1-2: Ball 2-2: Ball 3-2: Fly out, F8 (Flyball, 8LM, EV 91.9 MPH)
|
Batting: RHB Paul Pastrano
|
0-0: Ground out 5-3 (Groundball, 56S, EV 84.4 MPH)
|
Batting: RHB Jordan Nicholas
|
0-0: SINGLE (Flyball, 7LS, EV 86.2 MPH)
|
Batting: LHB Omar Alba
|
0-0: Called Strike 0-1: Called Strike 0-2: Strikes out swinging
|
Bottom of the 8th over - 0 runs, 1 hit, 0 errors, 1 left on base; University of Minnesota 4 - University of Conneticut 0 |
TOP OF THE 9TH |
University of Minnesota Golden Gophers batting - Pitching for University of Conneticut Huskies : RHP Victor Nava
|
Batting: RHB Ozzie Buendia
|
0-0: Called Strike 0-1: Foul Ball, location: 2F 0-2: Foul Ball, location: 2F 0-2: Ball 1-2: Foul Ball, location: 2F 1-2: Fly out, F8 (Flyball, 8RD, EV 97.5 MPH)
|
Pitching: RHP Miguel Perez
|
|
Batting: LHB Jose Moncada
|
0-0: Ball 1-0: Ball 2-0: Foul Ball, location: 2F 2-1: Ball 3-1: Called Strike 3-2: Base on Balls
|
Batting: RHB Roy Evenden
|
0-0: Swinging Strike 0-1: Foul Ball, location: 2F 0-2: Ball 1-2: Foul Ball, location: 2F 1-2: Ball 2-2: Foul Ball, location: 2F 2-2: Fielders Choice at 2nd, 5-4 (Groundball, 5, EV 86.2 MPH)
|
Batting: RHB Kevin Harris
|
0-0: Ball Roy Evenden steals 2nd base 1-0: Called Strike 1-1: Ground out U3 (Groundball, 3S, EV 69.4 MPH)
|
Top of the 9th over - 0 runs, 0 hits, 0 errors, 1 left on base; University of Minnesota 4 - University of Conneticut 0 |
BOTTOM OF THE 9TH |
University of Conneticut Huskies batting - Pitching for University of Minnesota Golden Gophers : RHP Eppe de Jong
|
Pinch Hitting: LHB Greg James
|
0-0: Ball 1-0: Foul Ball, location: 2F 1-1: Ball 2-1: Called Strike 2-2: Strikes out swinging
|
Batting: RHB Cullen Elliott
|
0-0: Ball 1-0: Called Strike 1-1: Called Strike 1-2: Strikes out looking
|
Pinch Hitting: SHB Ismael Vega
|
0-0: Ball 1-0: Ground out 6-3 (Groundball, 6, EV 78.8 MPH)
|
Bottom of the 9th over - 0 runs, 0 hits, 0 errors, 0 left on base; University of Minnesota 4 - University of Conneticut 0 |
|